 Dungeon Crawl Stone Soup version 0.27.1-1-g398f81649c (webtiles) character file.

Game seed: 8348361698401439510

103 Descartes the Covert (level 4, -6/23 HPs)
             Began as a Spriggan Delver on Sept 14, 2021.
             Mangled by an iguana (9 damage)
             ... on level 5 of the Dungeon.
             The game lasted 00:00:57 (363 turns).

Descartes the Covert (Spriggan Delver)               Turns: 363, Time: 00:00:58

Health: -6/23      AC:  2    Str:  9    XL:     4   Next: 51%
Magic:  5/5        EV: 18    Int: 11    God:
Gold:   21         SH:  0    Dex: 16    Spells: 3/3 levels left

rFire    . . .     SeeInvis +   a - +0 short sword
rCold    . . .     Faith    .   (shield restricted)
rNeg     . . .     Spirit   .   b - +0 robe
rPois    .         Reflect  .   (helmet restricted)
rElec    .         Harm     .   (no cloak)
rCorr    .         Rampage  .   (gloves unavailable)
Will     .....                  (boots unavailable)
Stlth    ++++......             (no amulet)
HPRegen  0.07/turn              (no ring)
MPRegen  0.09/turn              (no ring)

@: hasted, very quick
A: very small, no large weapons, unfitting armour, see invisible, speed 3
a: no special abilities


You were on level 5 of the Dungeon.
You visited 1 branch of the dungeon, and saw 1 of its levels.

You collected 21 gold pieces.

Inventory:

Hand Weapons
 a - a +0 short sword (weapon)
Armour
 b - a +0 robe (worn)
Wands
 g - a wand of digging (3)
Scrolls
 c - a scroll of fog
 d - a scroll of magic mapping
 e - a scroll of fear


   Skills:
 - Level 2.4 Fighting
 + Level 3.5 Short Blades
 + Level 4.2 Dodging
 + Level 8.3 Stealth


You had 3 spell levels left.
You didn't know any spells.
Your spell library was empty.

Dungeon Overview and Level Annotations

Branches:
Dungeon (5/15)
 Temple: D:4-7

Altars:


Innate Abilities, Weirdness & Mutations

You are very small and have problems with some larger weapons.
You are too small for most types of armour.
You have supernaturally acute eyesight. (SInv)
You cover ground extremely quickly. (Speed+++)


Message History

The ufetubus hits you but does no damage.
The ufetubus completely misses you. The ufetubus misses you.
The water moccasin skeleton barely misses you.
The ufetubus hits you. The ufetubus closely misses you. The ufetubus hits you.
The ufetubus misses you.
You hit the ufetubus.
The ufetubus is heavily wounded.
The ufetubus misses you. The ufetubus hits you.
You miss the ufetubus.
The ufetubus is heavily wounded.
The ufetubus closely misses you. The ufetubus barely misses you.
The ufetubus misses you. x2
You closely miss the ufetubus.
The ufetubus is heavily wounded.
The ufetubus hits you.
The ufetubus hits you but does no damage.
You closely miss the ufetubus.
The ufetubus is heavily wounded.
The ufetubus barely misses you. The ufetubus misses you.
The ufetubus completely misses you. The ufetubus barely misses you.
You miss the ufetubus.
The ufetubus is moderately wounded.
The ufetubus barely misses you. The ufetubus hits you.
You feel yourself speed up. The ufetubus closely misses you.
The ufetubus hits you.
You closely miss the ufetubus.
The ufetubus is moderately wounded.
The ufetubus hits you but does no damage.
The ufetubus hits you.
You hit the ufetubus.
The ufetubus is heavily wounded.
The ufetubus completely misses you. The ufetubus closely misses you.
You hit the ufetubus.
The ufetubus is almost dead.
The ufetubus closely misses you. The ufetubus hits you.
* * * LOW HITPOINT WARNING * * *
You hit the ufetubus.
You kill the ufetubus!
The iguana bites you!
You die...

#.# #.# ###.###### #.#
#........# ...
##.###.##.# #.# #.##
##.#.# ###.# #.# #...#
##.#.# #.## ##...#
####....#######.###....##
+..........@lY......>...+
####....#####Z#..#J...###
##.####....#.....#.# #.#
#.#.#.#.#....# #.#
#...##.##....## #. #.#
#.## .l.###..# #. #.# #
##.## ..## .#. #.# #Y# .#
.#. #.# #.#


You could see a yak, an iguana, a jelly (wandering) and a water moccasin
skeleton.

Vanquished Creatures
  An ice beast (D:5)
  2 ufetubi (D:5)
3 creatures vanquished.

Notes
Turn   | Place    | Note
-------+----------+-------------------------------------------
     0 | D:5      | Descartes the Spriggan Delver began the quest for the Orb.
     0 | D:5      | Reached XP level 1. HP: 11/11 MP: 2/2
    16 | D:5      | Noticed a jelly
    16 | D:5      | Noticed an ice beast
    18 | D:5      | Noticed an iguana
    25 | D:5      | Killed an ice beast
    26 | D:5      | Reached skill level 8 in Stealth
    26 | D:5      | Reached XP level 2. HP: 2/16 MP: 3/3
    26 | D:5      | Reached XP level 3. HP: 2/19 MP: 4/4
    26 | D:5      | Reached XP level 4. HP: 3/23 MP: 5/5
   341 | D:5      | Noticed a yak
   363 | D:5      | Mangled by an iguana

Illustrated notes

Levels and vault maps discovered:
D:5:      layout_loops_corners, nicolae_overflow_hidden_temple, led_xom_imps,
          nicolae_qazlal_scattered_showers, minmay_manual_monstrance

Skill      XL: |  1 |
---------------+----+-----
Short Blades   | 3 |  3.5
Dodging        | 4 |  4.2
Stealth        | 8 |  8.3
Fighting       | |  2.4

Action                   |  1- 3 |  4- 6 || total
-------------------------+-------+-------++-------
Melee: Short sword       |     5 |    12 ||    17
  Use: Potion            |       |     1 ||     1
 Stab: Sleeping          |     1 |     1 ||     2
Armor: Robe              |     1 |     3 ||     4
Dodge: Dodged            |     2 |    21 ||    23
